[Event "Titled Tuesday Blitz May 24 Early 2022"]
[White "Cardoso Cardoso, Jose Gabriel"]
[Black "Ezat, Mohamed"]
[WhiteFideId "4430492"]
[BlackFideId "10600906"]
[WhiteElo "2485"]
[BlackElo "2386"]
[Result "0-1"]
[Round "07"]
[TimeControl "180+1"]
[Date "2022.05.24"]
[WhiteClock "0:00:01"]
[BlackClock "0:00:05"]

1. c4 Nf6 2. Nc3 g6 3. e4 d6 4. d4 Bg7 5. Be2 O-O 6. Be3 e5 7. d5 Na6 8. g4 Nc5 9. f3 a5 10. h4 h5 11. Bg5 Qe8 12. Bxf6 Bxf6 13. gxh5 Kg7 14. Qd2 Rh8 15. hxg6 fxg6 16. O-O-O Qe7 17. Kb1 Bd7 18. Nh3 Rxh4 19. Nf2 Rah8 20. Rhg1 Rh2 21. Qe3 R8h5 22. f4 exf4 23. Qxf4 R5h4 24. Qg3 g5 25. Ng4 Bxg4 26. Bxg4 a4 27. Bf5 a3 28. b4 Rb2+ 29. Kc1 Rhh2 30. e5 Qxe5 31. bxc5 Qxc3+ 32. Qxc3 Bxc3 33. Rxg5+ Kf6 34. Rg3 Rxa2 35. Rxc3 Ra1+ 36. Bb1 Rb2 37. Rf3+ Ke5 38. Re1+ Kd4 39. Re4+ Kxc5 40. Rxa3 Raxb1# 0-1


[Site "https://www.chess.com"]

[Event "Titled Tuesday Blitz May 24 Early 2022"]
[White "Castaneda, Jhon David"]
[Black "Yuan, Qingyu"]
[WhiteFideId "4405048"]
[BlackFideId "8609772"]
[WhiteElo "2152"]
[BlackElo "2359"]
[Result "0-1"]
[Round "07"]
[TimeControl "180+1"]
[Date "2022.05.25"]
[WhiteClock "0:00:11"]
[BlackClock "0:00:08"]

1. d4 d5 2. Nf3 Nf6 3. c4 e6 4. Nc3 a6 5. cxd5 exd5 6. Bg5 Be6 7. e3 Nbd7 8. Rc1 Bd6 9. Bd3 c6 10. O-O Bg4 11. Be2 O-O 12. Re1 Re8 13. a3 Qe7 14. Nh4 Bxe2 15. Qxe2 Qe6 16. Qf3 Ne4 17. Bf4 Be7 18. Bg3 g6 19. Qd1 Bxh4 20. Bxh4 f5 21. f3 Nxc3 22. Rxc3 Nb6 23. b3 Qd6 24. Qc1 Re6 25. Bg3 Qe7 26. Be5 Rxe5 27. dxe5 Qxe5 28. Qd2 Re8 29. Rcc1 Nc8 30. Qd4 Qe7 31. Qc5 Nd6 32. a4 Qd7 33. Rcd1 Re6 34. Qd4 Qe7 35. Qb6 Re5 36. Kf1 h5 37. Qd4 Kh7 38. Kf2 Re6 39. Kf1 Qg5 40. h4 Qe7 41. Kf2 Kg8 42. Qf4 Kh7 43. Kg1 Nf7 44. Kf2 Ne5 45. Qd4 Qa3 46. Re2 Re7 47. Qc3 Qd6 48. Qd4 Qe6 49. Rc1 Nd7 50. Rce1 c5 51. Qc3 b6 52. Qd3 a5 53. Qc3 Nf6 54. Qd3 Qd6 55. g3 Qe5 56. Qb5 Re6 57. Qa6 Qc7 58. Qb5 Qe7 59. Qa6 Kg7 60. Qb5 Kf7 61. Qa6 Kg7 62. Qb5 Ne8 63. Qd3 Nf6 64. Qc3 Kf7 65. Qd3 Qc7 66. Rc1 Qe5 67. Rce1 Re7 68. Rc1 Qe6 69. Rce1 Rd7 70. Qd2 Rd6 71. Qd3 Qe7 72. Rd1 Qb7 73. Rde1 Qc6 74. Rc1 Qd7 75. Rd1 Qe7 76. Rde1 Qe5 77. Rd1 Rd7 78. Rde1 Kg7 79. Rd1 Rc7 80. Rc1 Re7 81. Rce1 Kh6 82. Rd1 Kh7 83. Rde1 Kg7 84. Rd1 Re6 85. Rde1 Rd6 86. Rd1 Qe7 87. Rc1 Qd7 88. Rd1 d4 89. Red2 Qe6 90. Re1 Qd7 91. Qc2 dxe3+ 92. Kxe3 Nd5+ 93. Kf2 Nb4 94. Rxd6 Qxd6 95. Qb2+ Kf7 96. Re3 Qd4 97. Qe2 Nd5 98. f4 Nxe3 99. Qxe3 Qxe3+ 100. Kxe3 Ke6 101. Kd3 Kd5 102. Kc3 Kd6 103. Kc4 Kc6 104. Kc3 b5 105. Kd3 Kb6 106. Kc3 c4 107. bxc4 b4+ 108. Kd4 Kc7 109. c5 Kd7 110. Kc4 Kc6 111. Kd4 b3 112. Kc3 Kxc5 113. Kxb3 Kd4 114. Ka3 Kc3 115. Ka2 Kb4 116. Kb2 Kxa4 117. g4 fxg4 0-1


[Site "https://www.chess.com"]

[Event "Titled Tuesday Blitz May 24 Early 2022"]
[White "Chernomordik, Pavel"]
[Black "Jeet, Jain"]
[WhiteFideId "2804530"]
[BlackFideId "5073022"]
[WhiteElo "2220"]
[BlackElo "2028"]
[Result "0-1"]
[Round "07"]
[TimeControl "180+1"]
[Date "2022.05.25"]
[WhiteClock "0:01:13"]
[BlackClock "0:01:21"]

1. e4 d5 2. exd5 Nf6 3. Bb5+ Nbd7 4. c4 a6 5. Bxd7+ Bxd7 6. d4 b5 7. b3 e6 8. dxe6 Bxe6 9. d5 Bg4 10. f3 Bf5 11. Ne2 Bc5 12. Bb2 bxc4 13. bxc4 Rb8 14. Bd4 Bxd4 15. Nxd4 Qe7+ 16. Kf1 Bg6 17. Nc3 Qe3 18. Nce2 Bd3 19. Qc1 Qxd4 20. Qe1 Rb2 0-1


[Site "https://www.chess.com"]

[Event "Titled Tuesday Blitz May 24 Early 2022"]
[White "Chuemsakul, Sarocha"]
[Black "Stanisz, Patryk"]
[WhiteFideId "6203710"]
[BlackFideId "1123106"]
[WhiteElo "1703"]
[BlackElo "1833"]
[Result "0-1"]
[Round "07"]
[TimeControl "180+1"]
[Date "2022.05.25"]
[WhiteClock "0:00:01"]
[BlackClock "0:00:07"]

1. d4 d5 2. c4 c6 3. Nc3 Nf6 4. e3 e6 5. Nf3 Nbd7 6. Be2 dxc4 7. Bxc4 b5 8. Bb3 Bb7 9. O-O b4 10. Ne2 c5 11. Ng3 Bd6 12. Qe2 O-O 13. Rd1 Qe7 14. e4 Bxg3 15. hxg3 Bxe4 16. Bg5 h6 17. Bh4 Bxf3 18. gxf3 g5 19. d5 gxh4 20. dxe6 Kh8 21. Qe3 fxe6 22. Qxh6+ Qh7 23. Qxh7+ Kxh7 24. Bxe6 Rad8 25. Kg2 hxg3 26. fxg3 Kg7 27. g4 Nb6 28. Kg3 Nfd5 29. Rac1 Nf4 30. Rxd8 Ne2+ 31. Kf2 Nxc1 32. Rd1 Re8 33. Rxc1 Rxe6 34. Rxc5 Rd6 35. Ke2 Rd5 36. Rc7+ Rd7 37. Rc5 Kf6 38. Rb5 Nd5 39. Kf2 Ke5 40. Kg3 Kd4 41. f4 Kc4 42. Rb8 Nb6 43. f5 Rd2 44. f6 Nd7 45. Rd8 Rd3+ 46. Kh4 Nxf6 47. Rc8+ Kd4 48. Rc7 a5 49. Ra7 Ne4 50. Rxa5 Rd2 51. g5 Rxb2 52. g6 Kc4 53. Ra7 Rg2 0-1


[Site "https://www.chess.com"]

[Event "Titled Tuesday Blitz May 24 Early 2022"]
[White "Costachi, Mihnea"]
[Black "Seemann, Jakub"]
[WhiteFideId "1217518"]
[BlackFideId "21874697"]
[WhiteElo "2476"]
[BlackElo "2003"]
[Result "1-0"]
[Round "07"]
[TimeControl "180+1"]
[Date "2022.05.24"]
[WhiteClock "0:01:59"]
[BlackClock "0:01:39"]

1. d4 Nf6 2. Bg5 e6 3. e3 h6 4. Bh4 d5 5. Nd2 c5 6. c3 Nc6 7. Bd3 Be7 8. f4 O-O 9. Ngf3 Nd7 10. Bxe7 Qxe7 11. O-O f5 12. Ne5 Nf6 13. Ndf3 Nxe5 14. Nxe5 Qe8 15. dxc5 Nd7 16. Bb5 a6 17. Bxd7 Bxd7 18. Qd4 Bb5 19. Rf3 a5 20. Rg3 Rf6 21. Nd7 Rg6 22. Rxg6 Qxg6 23. Ne5 Qf6 24. a4 Be8 25. b4 axb4 26. cxb4 Rxa4 27. Rxa4 Bxa4 28. Qa1 Bc6 29. Qa8+ Kh7 30. g3 g5 31. b5 gxf4 32. exf4 1-0


[Site "https://www.chess.com"]

[Event "Titled Tuesday Blitz May 24 Early 2022"]
[White "Coto Mederos, Michel"]
[Black "Darini, Pouria"]
[WhiteFideId "3508528"]
[BlackFideId "12502200"]
[WhiteElo "2548"]
[BlackElo "2744"]
[Result "1-0"]
[Round "07"]
[TimeControl "180+1"]
[Date "2022.05.25"]
[WhiteClock "0:00:40"]
[BlackClock "0:00:44"]

1. c4 c5 2. Nc3 Nc6 3. Nf3 Nf6 4. e3 e6 5. d4 d5 6. a3 a6 7. dxc5 Bxc5 8. b4 Ba7 9. Bb2 O-O 10. cxd5 exd5 11. Be2 Bg4 12. O-O Re8 13. Nd4 Bxe2 14. Ncxe2 Ne5 15. Qb3 Nc4 16. Rfd1 Nxb2 17. Qxb2 Ne4 18. Nf4 Nd6 19. Rac1 Nc4 20. Qa1 Rc8 21. Nf5 Qg5 22. Rxd5 Qf6 23. Qxf6 gxf6 24. g4 Bb8 25. Nh5 Re6 26. Rxc4 1-0


[Site "https://www.chess.com"]

[Event "Titled Tuesday Blitz May 24 Early 2022"]
[White "De Arruda, Leandro Formes"]
[Black "Jakubowska, Anna"]
[WhiteFideId "22722009"]
[BlackFideId "1121952"]
[WhiteElo "1852"]
[BlackElo "1878"]
[Result "0-1"]
[Round "07"]
[TimeControl "180+1"]
[Date "2022.05.25"]
[WhiteClock "0:00:31"]
[BlackClock "0:00:49"]

1. d4 f5 2. Nf3 Nf6 3. e3 g6 4. Bd3 Bg7 5. Nbd2 O-O 6. O-O d6 7. b3 Nc6 8. Bb2 e5 9. dxe5 Ng4 10. Nc4 Ngxe5 11. Ncxe5 dxe5 12. Bc4+ Kh8 13. Qxd8 Rxd8 14. Ng5 Na5 15. Nf7+ Kg8 16. Nxd8+ Nxc4 17. bxc4 Kf8 18. Rad1 Ke7 19. c5 c6 20. f4 Bd7 21. Nxb7 Rb8 22. Bxe5 Bxe5 23. fxe5 Rxb7 24. Rd6 Rb5 25. Rfd1 Be8 26. Rd8 Rxc5 27. Ra8 Rxe5 28. Rxa7+ Kf6 29. h4 Bf7 30. Rdd7 Be6 31. Rxh7 Rxe3 32. Kf2 Re4 33. Rh6 Bc4 34. Rc7 Re2+ 35. Kf3 Rxc2 36. Rxc6+ Ke5 37. Rcxg6 Bd5+ 38. Ke3 f4+ 39. Kd3 Be4# 0-1


[Site "https://www.chess.com"]

[Event "Titled Tuesday Blitz May 24 Early 2022"]
[White "Demchenko, Anton"]
[Black "Yeletsky, Ivan"]
[WhiteFideId "4160258"]
[BlackFideId "24180327"]
[WhiteElo "2539"]
[BlackElo "2319"]
[Result "0-1"]
[Round "07"]
[TimeControl "180+1"]
[Date "2022.05.24"]
[WhiteClock "0:00:04"]
[BlackClock "0:00:31"]

1. e4 c5 2. Nf3 d6 3. d4 cxd4 4. Qxd4 Nc6 5. Bb5 Bd7 6. Bxc6 Bxc6 7. Nc3 Nf6 8. Bg5 e6 9. O-O-O Be7 10. Qd3 Qa5 11. Bd2 Qa6 12. Qxa6 bxa6 13. Rhe1 Rc8 14. Nd4 Bb7 15. f3 Rg8 16. Nb3 g5 17. Be3 g4 18. Bxa7 Nd7 19. Bd4 Ne5 20. Na5 gxf3 21. Bxe5 dxe5 22. gxf3 Ba8 23. Rg1 Bg5+ 24. Kb1 Ke7 25. Ne2 h5 26. b3 Be3 27. Rg3 Bf2 28. Nc4 Bxg3 29. hxg3 f6 30. Rh1 Rh8 31. a4 Bc6 32. Ne3 Rcg8 33. Rh4 f5 34. exf5 Bxf3 35. Nc3 Rxg3 36. fxe6 Kxe6 37. Rb4 Bc6 38. Rb6 Rxe3 39. Rxc6+ Kd7 40. Rc4 h4 41. Nd5 Re1+ 42. Kb2 h3 43. Nf6+ Ke6 44. Ng4 Kf5 45. a5 Re4 46. Nh2 Rxc4 47. bxc4 Rg8 48. Kc3 Rg2 49. Nf3 e4 50. Nh4+ Ke6 51. Nxg2 hxg2 0-1


[Site "https://www.chess.com"]

[Event "Titled Tuesday Blitz May 24 Early 2022"]
[White "Derraugh, Geordie"]
[Black "Volkov, Maksim"]
[WhiteFideId "2603950"]
[BlackFideId "54123070"]
[WhiteElo "2116"]
[BlackElo "2155"]
[Result "1-0"]
[Round "07"]
[TimeControl "180+1"]
[Date "2022.05.25"]
[WhiteClock "0:01:07"]
[BlackClock "0:00:01"]

1. e4 c5 2. Nf3 d6 3. Bb5+ Bd7 4. Bxd7+ Qxd7 5. O-O Nc6 6. Qe2 g6 7. Rd1 Bg7 8. c3 e5 9. d3 Nge7 10. Be3 O-O 11. Na3 f5 12. Bg5 f4 13. Bxe7 Qxe7 14. h3 h5 15. Nc2 g5 16. Nh2 Qf7 17. b4 cxb4 18. cxb4 a6 19. a4 b5 20. axb5 axb5 21. Na3 Nd4 22. Qb2 Rfc8 23. Rdc1 Bf8 24. Nf3 Nxf3+ 25. gxf3 Qd7 26. Rxc8 Rxc8 27. Qb3+ Kg7 28. Kg2 g4 29. hxg4 hxg4 30. Rh1 Be7 31. Nxb5 Rg8 32. Rh5 Bf6 33. Qd5 Rd8 34. d4 Kg6 35. Rf5 gxf3+ 36. Kxf3 Qh7 37. Rxf6+ Kxf6 38. dxe5+ dxe5 39. Qxd8+ Kg7 40. Qe7+ Kg6 41. Qxh7+ Kxh7 42. Nc3 Kg6 43. b5 Kf6 44. b6 Ke6 45. b7 Kd7 46. b8=Q 1-0


[Site "https://www.chess.com"]

[Event "Titled Tuesday Blitz May 24 Early 2022"]
[White "Dobre, Claudiu-Cristian"]
[Black "Vignesh, N R"]
[WhiteFideId "1211854"]
[BlackFideId "25012215"]
[WhiteElo "2207"]
[BlackElo "2363"]
[Result "0-1"]
[Round "07"]
[TimeControl "180+1"]
[Date "2022.05.25"]
[WhiteClock "0:00:02"]
[BlackClock "0:00:22"]

1. c4 Nf6 2. Nc3 g6 3. Nf3 Bg7 4. d4 O-O 5. e4 d6 6. Be2 e5 7. O-O Nc6 8. d5 Ne7 9. Ne1 Nd7 10. f3 f5 11. g4 f4 12. h4 h5 13. g5 a5 14. Nd3 b6 15. Bd2 Nc5 16. Nf2 Bd7 17. b3 Kh7 18. Kh2 Ra7 19. Qc2 Qe8 20. Nb1 c6 21. dxc6 Nxc6 22. Bc3 Nd4 23. Bxd4 exd4 24. Bd3 b5 25. Nd2 b4 26. a3 bxa3 27. Rxa3 Qb8 28. Rfa1 Qb4 29. e5 Bxe5 30. Bxg6+ Kg7 31. Bxh5 Bf5 32. Nde4 d3 33. Nxd3 Nxd3 34. Qxd3 Rh8 35. Bg4 Rxh4+ 36. Kg2 Bg6 37. Ra4 Qb7 38. Rh1 Rxg4+ 39. Kf1 Rg3 40. c5 dxc5 41. Ke2 Rg2+ 42. Kf1 Rb2 43. Qd8 Ra8 44. Qd3 Qxb3 0-1


[Site "https://www.chess.com"]

[Event "Titled Tuesday Blitz May 24 Early 2022"]
[White "Domingo Nunez, Ruben"]
[Black "Rahman, Adel"]
[WhiteFideId "22245570"]
[BlackFideId "14204177"]
[WhiteElo "2376"]
[BlackElo "2175"]
[Result "1-0"]
[Round "07"]
[TimeControl "180+1"]
[Date "2022.05.25"]
[WhiteClock "0:01:32"]
[BlackClock "0:01:28"]

1. d4 Nf6 2. Nc3 d5 3. g3 Bf5 4. Bg2 c6 5. f3 h5 6. e4 dxe4 7. fxe4 Bg4 8. Qd3 e5 9. dxe5 Nfd7 10. h3 Be6 11. Nf3 Na6 12. Be3 Nac5 13. Qe2 Qc7 14. Bf4 Be7 15. O-O-O b5 16. Kb1 b4 17. Nd5 cxd5 18. exd5 Bf5 19. Nd4 Qa5 20. Nxf5 1-0


[Site "https://www.chess.com"]

[Event "Titled Tuesday Blitz May 24 Early 2022"]
[White "Durarbayli, Vasif"]
[Black "Djokic, Mihailo"]
[WhiteFideId "13402935"]
[BlackFideId "976440"]
[WhiteElo "2528"]
[BlackElo "2202"]
[Result "1-0"]
[Round "07"]
[TimeControl "180+1"]
[Date "2022.05.24"]
[WhiteClock "0:00:45"]
[BlackClock "0:00:03"]

1. d4 Nf6 2. c4 g6 3. Nc3 Bg7 4. e4 O-O 5. Be2 d6 6. Nf3 e5 7. O-O Nc6 8. d5 Ne7 9. b4 Nh5 10. c5 c6 11. cxd6 Qxd6 12. dxc6 Qxd1 13. Rxd1 Nxc6 14. Nd5 Nf6 15. b5 Nxd5 16. Rxd5 Nd4 17. Nxd4 exd4 18. Bd3 Be6 19. Rc5 Rfc8 20. Ba3 Rxc5 21. Bxc5 b6 22. Bb4 Rc8 23. Kf1 Bc4 24. Ke2 Bxb5 25. a4 Rc2+ 26. Bd2 Bxd3+ 27. Kxd3 Rc6 28. a5 b5 29. a6 Kf8 30. Ra5 Bf6 31. f4 Bd8 32. Rxb5 Rxa6 33. Rb8 Ke7 34. Bb4+ Ke8 35. Bc5 Ra5 36. Kxd4 Ra4+ 37. Kd5 Kd7 38. Rb7+ Ke8 39. Rxa7 Rxa7 40. Bxa7 Kd7 41. g4 Bc7 42. e5 Ba5 43. f5 gxf5 44. gxf5 Be1 45. Be3 Bh4 46. h3 Ke8 47. Bh6 Bd8 48. Ke4 Kd7 49. Bg7 Ke8 50. Kf4 Bh4 51. Kg4 Bd8 52. Kh5 Bc7 53. Kh6 Kd7 54. Kxh7 Kc6 55. Kg8 Kd5 56. Kxf7 1-0


[Site "https://www.chess.com"]

[Event "Titled Tuesday Blitz May 24 Early 2022"]
[White "Eynullayev, Atilla"]
[Black "Bas Mas, Jose Joaquin"]
[WhiteFideId "13413570"]
[BlackFideId "22219064"]
[WhiteElo "1936"]
[BlackElo "2233"]
[Result "1-0"]
[Round "07"]
[TimeControl "180+1"]
[Date "2022.05.25"]
[WhiteClock "0:01:16"]
[BlackClock "0:01:38"]

1. e4 c5 2. Nf3 d6 3. d4 cxd4 4. Nxd4 Nf6 5. Nc3 Nc6 6. Bg5 e6 7. Bb5 Bd7 8. Qd3 Be7 9. O-O-O Ne5 10. Qe2 a6 11. Bxd7+ Qxd7 12. f4 Nc6 13. e5 dxe5 14. Nxc6 Qxc6 15. fxe5 Nd7 16. Bxe7 Kxe7 17. Qg4 Nxe5 18. Qxg7 Rhg8 19. Qxe5 f6 20. Qh5 Rg7 21. Rd2 b5 22. Rhd1 b4 23. Ne4 Rc8 24. Rd7+ Qxd7 25. Rxd7+ Kxd7 26. Nxf6+ Ke7 27. Nd5+ exd5 28. Qe5+ Kf8 29. Qf5+ 1-0


[Site "https://www.chess.com"]

[Event "Titled Tuesday Blitz May 24 Early 2022"]
[White "Fernandez Siles, Luis"]
[Black "Gronnestad, Anita"]
[WhiteFideId "2209420"]
[BlackFideId "1502972"]
[WhiteElo "2212"]
[BlackElo "1933"]
[Result "1-0"]
[Round "07"]
[TimeControl "180+1"]
[Date "2022.05.25"]
[WhiteClock "0:02:04"]
[BlackClock "0:02:02"]

1. e4 c5 2. Nf3 g6 3. d4 cxd4 4. Qxd4 Nf6 5. Nc3 Nc6 6. Qa4 d6 7. e5 dxe5 8. Nxe5 Bg7 9. Nxc6 bxc6 10. Qxc6+ Bd7 11. Qf3 O-O 12. Bd3 Rb8 13. O-O a5 14. Rb1 Qb6 15. Bf4 Bc6 16. Qe2 Rb7 17. Rfe1 Nh5 18. Be5 f6 19. Bg3 Nxg3 20. hxg3 e5 21. Be4 Rd8 22. Qc4+ 1-0


[Site "https://www.chess.com"]

[Event "Titled Tuesday Blitz May 24 Early 2022"]
[White "Ferreira, Vitor Hugo Vieira"]
[Black "Balint, Vilmos"]
[WhiteFideId "2119765"]
[BlackFideId "718050"]
[WhiteElo "2165"]
[BlackElo "2059"]
[Result "1-0"]
[Round "07"]
[TimeControl "180+1"]
[Date "2022.05.25"]
[WhiteClock "0:01:56"]
[BlackClock "0:01:06"]

1. e4 e6 2. d4 d5 3. Nc3 Bb4 4. e5 Ne7 5. a3 Bxc3+ 6. bxc3 b6 7. a4 Ba6 8. Bd3 Bxd3 9. cxd3 Qc8 10. Qg4 Ng6 11. h4 h5 12. Qg3 c5 13. dxc5 bxc5 14. Nf3 Nc6 15. O-O Rb8 16. Ba3 Nce7 17. d4 Nf5 18. Qg5 Qd8 19. Bxc5 Nfxh4 20. Qxd8+ Kxd8 21. Nxh4 Nxh4 22. Bxa7 Rb7 23. Bc5 Kc7 24. a5 Ra8 25. a6 Rb3 26. a7 Rxc3 27. Rfb1 Nf5 28. Ra5 Rc4 29. Rab5 Nxd4 30. Rb7+ Kc6 31. Rb8 Rxa7 32. Bxa7 Ne2+ 33. Kf1 1-0


[Site "https://www.chess.com"]

[Event "Titled Tuesday Blitz May 24 Early 2022"]
[White "Fier, Alexandr"]
[Black "Dmitrenko, Viktor"]
[WhiteFideId "2107139"]
[BlackFideId "14110270"]
[WhiteElo "2737"]
[BlackElo "2479"]
[Result "0-1"]
[Round "07"]
[TimeControl "180+1"]
[Date "2022.05.25"]
[WhiteClock "0:01:47"]
[BlackClock "0:00:37"]

1. d4 e6 2. e4 d5 3. Nd2 Nf6 4. e5 Nfd7 5. Bd3 c5 6. c3 Nc6 7. Ne2 cxd4 8. cxd4 f6 9. exf6 Qxf6 10. Nf3 h6 11. O-O Bd6 12. Bd2 O-O 13. Bc3 Rd8 14. Bb5 a6 15. Bxc6 bxc6 16. Ng3 a5 17. Re1 a4 18. a3 Qg6 19. Rc1 c5 20. dxc5 Nxc5 21. Ne5 Bxe5 22. Bxe5 Nd3 23. Rc7 Bd7 24. h4 Nxe1 25. Qxe1 Rac8 26. Rb7 Rc4 27. h5 Qg5 28. Bc3 Qf4 29. Ba5 Rc1 30. Qxc1 Qxc1+ 31. Kh2 Qc6 32. Ra7 Ra8 33. Rc7 Qd6 0-1


[Site "https://www.chess.com"]

[Event "Titled Tuesday Blitz May 24 Early 2022"]
[White "Fromm, Marius"]
[Black "Dimitrov, Atanas"]
[WhiteFideId "12993190"]
[BlackFideId "2901315"]
[WhiteElo "2525"]
[BlackElo "2694"]
[Result "1-0"]
[Round "07"]
[TimeControl "180+1"]
[Date "2022.05.25"]
[WhiteClock "0:00:02"]
[BlackClock "0:00:01"]

1. e4 c5 2. Nf3 d6 3. d4 cxd4 4. Nxd4 Nf6 5. Nc3 g6 6. Be3 Bg7 7. Qd2 Nc6 8. f3 Bd7 9. O-O-O Rc8 10. h4 h5 11. Kb1 Ne5 12. Bg5 O-O 13. g4 hxg4 14. Be2 gxf3 15. Nxf3 Nxf3 16. Bxf3 Rc5 17. Bh6 Be6 18. h5 Qa5 19. Bxg7 Kxg7 20. hxg6 fxg6 21. Qh6+ Kf7 22. Nd5 Rxd5 23. exd5 Bf5 24. Qd2 Qc5 25. Rde1 Rc8 26. Rh2 Qb5 27. Qh6 Bxc2+ 28. Rxc2 Rxc2 29. Kxc2 Qc4+ 30. Kb1 Qd3+ 31. Ka1 Qxf3 32. Rg1 Qf5 33. Qe3 Nxd5 34. Qxa7 b6 35. a3 Qf2 36. Rc1 g5 37. Qb7 Nf6 38. Rc7 Qe1+ 39. Ka2 Qe3 40. Qc6 Qe6+ 41. Ka1 g4 42. Qc3 Qf5 43. Ka2 Qd5+ 44. Qb3 1-0


[Site "https://www.chess.com"]

[Event "Titled Tuesday Blitz May 24 Early 2022"]
[White "Gabrielian, Artur"]
[Black "Paravyan, David"]
[WhiteFideId "4131002"]
[BlackFideId "4194985"]
[WhiteElo "2440"]
[BlackElo "2569"]
[Result "1/2-1/2"]
[Round "07"]
[TimeControl "180+1"]
[Date "2022.05.24"]
[WhiteClock "0:00:14"]
[BlackClock "0:00:14"]

1. e4 e5 2. Nf3 Nf6 3. Nxe5 d6 4. Nf3 Nxe4 5. d4 d5 6. Bd3 Bd6 7. O-O O-O 8. c4 c6 9. Nc3 Nxc3 10. bxc3 dxc4 11. Bxc4 Bg4 12. h3 Bh5 13. g4 Bg6 14. Ne5 b5 15. Bb3 Nd7 16. f4 Be4 17. Qe2 Bd5 18. Bxd5 cxd5 19. Qxb5 Nf6 20. Qd3 Rc8 21. Bd2 Ne4 22. Rab1 Qc7 23. Rb5 f6 24. Nf3 Bxf4 25. Rxd5 Nxd2 26. Nxd2 Bxd2 27. Qxd2 Qg3+ 28. Qg2 Rxc3 29. Qxg3 Rxg3+ 30. Kh2 Ra3 31. Rf2 h6 32. Rd7 Rf7 33. Rd8+ Kh7 34. Re2 Rc7 35. h4 Rcc3 36. h5 Rh3+ 37. Kg1 Rag3+ 38. Rg2 f5 39. gxf5 Rxg2+ 40. Kxg2 Rxh5 41. Rf8 Rh4 42. Rf7 Rxd4 43. f6 Rg4+ 44. Kh3 Rg6 45. fxg7 Rxg7 46. Rf6 a5 47. a4 Rg5 48. Kh4 Kg7 49. Ra6 Rc5 50. Kg4 h5+ 51. Kh4 Kf7 52. Kg3 Ke7 53. Kf3 Kd7 54. Rh6 Kc7 55. Ke3 Rg5 56. Kf4 Rg4+ 57. Kf3 Rh4 58. Ke3 Rh1 59. Kd4 h4 60. Kc5 Rg1 61. Rxh4 Rg5+ 62. Kc4 Rf5 63. Rh7+ Kc6 64. Rh6+ Kc7 65. Rg6 Rh5 66. Re6 Kb7 67. Rd6 Kc7 68. Rd5 Rxd5 69. Kxd5 Kb6 70. Kd6 Ka7 71. Kc6 Ka8 72. Kb5 Kb8 73. Kxa5 Ka8 74. Kb6 Kb8 75. a5 Ka8 76. a6 Kb8 77. a7+ Ka8 78. Ka6 1/2-1/2


[Site "https://www.chess.com"]

[Event "Titled Tuesday Blitz May 24 Early 2022"]
[White "Gallego Alcaraz, Andres Felipe"]
[Black "Guliev, Logman"]
[WhiteFideId "4402669"]
[BlackFideId "13400061"]
[WhiteElo "2340"]
[BlackElo "2128"]
[Result "1-0"]
[Round "07"]
[TimeControl "180+1"]
[Date "2022.05.25"]
[WhiteClock "0:01:34"]
[BlackClock "0:01:27"]

1. d4 d5 2. Nf3 e6 3. c4 Nf6 4. g3 Be7 5. Bg2 O-O 6. Nc3 dxc4 7. Ne5 Nc6 8. Bxc6 bxc6 9. Nxc6 Qe8 10. Nxe7+ Qxe7 11. Qa4 Bb7 12. O-O e5 13. dxe5 Qxe5 14. Qxc4 Rad8 15. Bf4 Qh5 16. f3 c5 17. Rad1 Rfe8 18. Rxd8 Rxd8 19. Rd1 Re8 20. Qb5 Ba8 21. Rd6 Rc8 22. Qa5 Qf5 23. Rd8+ Ne8 24. Rxc8 Qxc8 25. Qxa7 h5 26. a4 h4 27. a5 h3 28. Qb8 Qd7 29. Qxa8 Qd4+ 30. Kf1 1-0


[Site "https://www.chess.com"]

[Event "Titled Tuesday Blitz May 24 Early 2022"]
[White "Garv Gaur"]
[Black "Sadubayev, Airat"]
[WhiteFideId "45030839"]
[BlackFideId "13713264"]
[WhiteElo "1950"]
[BlackElo "2234"]
[Result "1/2-1/2"]
[Round "07"]
[TimeControl "180+1"]
[Date "2022.05.25"]
[WhiteClock "0:00:09"]
[BlackClock "0:00:42"]

1. d4 d5 2. Nf3 Nf6 3. c4 c6 4. g3 e6 5. Bg2 Be7 6. O-O O-O 7. Nbd2 Nbd7 8. Qc2 b6 9. e4 dxe4 10. Nxe4 Bb7 11. Rd1 c5 12. Nxf6+ Nxf6 13. dxc5 Qc8 14. cxb6 axb6 15. b3 b5 16. Bb2 bxc4 17. Qxc4 Qxc4 18. bxc4 Rfc8 19. Ne5 Bxg2 20. Kxg2 Ne4 21. a4 Nc5 22. Ba3 Rxa4 23. Bxc5 Rxa1 24. Rxa1 Bxc5 25. Nd3 Bd4 26. Rc1 e5 27. c5 e4 28. Rc4 exd3 29. Rxd4 g5 30. Rxd3 Rxc5 31. g4 Kg7 32. Kg3 Rc4 33. f3 h6 34. h4 Rc1 35. hxg5 hxg5 36. Rd5 Kg6 37. Rf5 Rc6 38. Rd5 Rc3 39. Rb5 f6 40. Ra5 Kf7 41. Ra6 Rd3 42. Rb6 Ke7 43. Ra6 Rd6 44. Ra4 Ke6 45. Re4+ Kd5 46. Re1 Rc6 47. Rd1+ Ke5 48. Re1+ Kd4 49. Rd1+ Ke3 50. Re1+ Kd2 51. Re7 Rc4 52. Re6 Rf4 53. Re7 Kd3 54. Re6 Kd4 55. Re8 Kd5 56. Re1 Rd4 57. Re8 Rc4 58. Rd8+ Ke6 59. Re8+ Kf7 60. Re1 Rc5 61. Ra1 Ke6 62. Re1+ Re5 63. Ra1 Re2 64. Ra5 Kd6 65. Ra6+ Ke5 66. Ra5+ Ke6 67. Ra6+ Kf7 68. Ra7+ Re7 69. Ra3 Rc7 70. f4 Ke6 71. fxg5 fxg5 72. Re3+ Kf6 73. Rf3+ Kg6 74. Ra3 Rc4 75. Ra6+ Kf7 76. Ra5 Kf6 77. Ra6+ Kf7 78. Ra5 1/2-1/2


[Site "https://www.chess.com"]

[Event "Titled Tuesday Blitz May 24 Early 2022"]
[White "Gatterer, Florian"]
[Black "Stevens, Christian"]
[WhiteFideId "811688"]
[BlackFideId "2604450"]
[WhiteElo "2218"]
[BlackElo "2485"]
[Result "0-1"]
[Round "07"]
[TimeControl "180+1"]
[Date "2022.05.25"]
[WhiteClock "0:00:59"]
[BlackClock "0:00:05"]

1. f4 d5 2. Nf3 g6 3. g3 Bg7 4. Bg2 Nf6 5. O-O O-O 6. d3 d4 7. c3 Nc6 8. h3 Nd5 9. Qc2 Re8 10. a4 a5 11. Na3 b6 12. Nc4 dxc3 13. e4 Ndb4 14. Qb3 Qxd3 15. Ne1 Qd4+ 16. Be3 cxb2 17. Rb1 Qc3 18. Nd2 Qxb3 19. Nxb3 Ba6 20. Rf2 Nd3 21. Nxd3 Bxd3 22. Rbxb2 Bxb2 23. Rxb2 Rad8 24. h4 Nb4 25. Nd4 c5 26. Nb5 Bxb5 27. axb5 a4 28. Rb1 a3 29. e5 a2 30. Ra1 Ra8 31. Bxa8 Rxa8 32. Kf2 Nc2 33. Rd1 a1=Q 34. Rd2 Qb1 35. h5 Nxe3 36. hxg6 hxg6 37. Re2 Ng4+ 38. Kf3 Qd3+ 39. Kxg4 Qxe2+ 40. Kg5 Ra3 41. e6 Rxg3+ 42. Kh6 Qh2# 0-1


[Site "https://www.chess.com"]

[Event "Titled Tuesday Blitz May 24 Early 2022"]
[White "Guzman, Christopher"]
[Black "Meunier-Pion, Jean"]
[WhiteFideId "6405096"]
[BlackFideId "20685327"]
[WhiteElo "2244"]
[BlackElo "2124"]
[Result "0-1"]
[Round "07"]
[TimeControl "180+1"]
[Date "2022.05.25"]
[WhiteClock "0:01:18"]
[BlackClock "0:00:09"]

1. e4 c5 2. Nf3 d6 3. d4 cxd4 4. Nxd4 Nf6 5. Nc3 a6 6. h4 e5 7. Nb3 Be6 8. f4 Qc7 9. f5 Bc4 10. Bg5 Bxf1 11. Rxf1 Nbd7 12. Qf3 b5 13. O-O-O Rc8 14. Rf2 Qb6 15. Bxf6 Nxf6 16. Rfd2 h5 17. Nd5 Nxd5 18. Rxd5 a5 19. Qd3 Rb8 20. Rxe5+ Be7 21. f6 gxf6 22. Rf5 Rg8 23. g3 a4 24. Nd4 b4 25. Kb1 a3 26. Rxh5 axb2 27. Nf5 Ra8 28. Rh7 Qa6 29. Qd5 Rf8 30. h5 Rc8 31. Nxd6+ Bxd6 32. Qxd6 Qxd6 33. Rxd6 Ke7 34. Rd2 Rc4 35. Re2 Rg8 36. Re3 Rc3 37. Re2 Rgxg3 38. Kxb2 Rg4 39. e5 fxe5 40. Rxe5+ Kf6 41. Re4 Rxe4 42. Rh6+ Kg7 43. Rb6 Rec4 44. h6+ Kh7 45. Rb7 Rxc2+ 46. Kb3 R2c3+ 47. Ka4 Ra3+ 48. Kb5 Rf4 49. Kc5 Kxh6 50. Rb8 Kg7 51. Rg8+ Kxg8 52. Kb5 Rxa2 53. Kc5 b3 54. Kd6 b2 55. Ke7 Rd4 56. Ke8 Ra1 57. Ke7 Rf1 58. Ke8 Re1# 0-1


[Site "https://www.chess.com"]